 Dungeon Crawl Stone Soup version 0.32-a0-543-gefe97123c3 (webtiles) character file.

Game seed: 6621381221805778852

398 GordonOverkill the Gusty (level 6, -5/36 HPs)
             Began as a Deep Elf Delver on Feb 29, 2024.
             Killed by divine providence
             ... invoked by an orc priest
              (12 damage)
             ... on level 5 of the Dungeon.
             The game lasted 00:10:20 (5050 turns).

GordonOverkill the Gusty (Deep Elf Delver)          Turns: 5050, Time: 00:10:22

Health: -5/36      AC:  3    Str:  9    XL:     6   Next: 53%
Magic:  10/11      EV: 13    Int: 17    God:
Gold:   125        SH:  0    Dex: 20    Spells: 4/9 levels left

rFire   . . .        f - +2 whip (venom)
rCold   . . .        (no shield)
rNeg    . . .        l - +1 robe
rPois   .            (no helmet)
rElec   .            (no cloak)
rCorr   .            (no gloves)
SInv    .            (no boots)
Will    .....        p - amulet of Lokina {RegenMP Dex+4}
Stlth   +++          (no ring)
HPRegen 0.26/turn    (no ring)
MPRegen 0.52/turn

%: no passive effects
@: very slightly contaminated
A: no striking features
a: Convert to Beogh


You were on level 5 of the Dungeon.
You visited 1 branch of the dungeon, and saw 6 of its levels.

You collected 285 gold pieces.
You spent 160 gold pieces at shops.

Inventory:

Hand Weapons
 f - a +2 whip of venom (weapon)
 v - a +1 dagger of electrocution
Missiles
 u - a poisoned dart (quivered)
 y - 2 throwing nets
Armour
 l - a +1 robe (worn)
Jewellery
 h - an amulet of the acrobat
 p - the amulet of Lokina (around neck) {RegenMP Dex+4}
   (You bought it in a shop on level 2 of the Dungeon)

   [amulet of magic regeneration]

   RegenMP:   It increases your rate of magic regeneration.
   Dex+4:     It affects your dexterity (+4).
Wands
 g - a wand of digging (6)
 r - a wand of roots (10)
 w - a wand of mindburst (6)
 D - a wand of polymorph (8)
Scrolls
 a - a scroll of amnesia
 c - 3 scrolls of fog
 d - 2 scrolls of revelation
 i - a scroll of poison {unknown}
 k - a scroll of enchant armour
 m - 3 scrolls of teleportation
 n - a scroll of vulnerability {unknown}
 o - a scroll of blinking
 q - a scroll of enchant weapon {unknown}
 B - 3 scrolls of noise {unknown}
 C - 2 scrolls of identify
Potions
 b - 2 potions of attraction
 e - a potion of mutation
 j - a potion of might
 s - a potion of enlightenment
 t - 2 potions of resistance
 x - 2 potions of lignification
 z - a potion of magic {unknown}
 A - a potion of brilliance {unknown}


   Skills:
 - Level 2.4 Fighting
 - Level 1.3 Polearms
 - Level 2.4 Dodging
 - Level 6.0 Stealth
 - Level 2.0 Spellcasting
 - Level 2.0 Conjurations
 + Level 6.2 Air Magic
 - Level 2.0 Evocations


You had 4 spell levels left.
You knew the following spells:

 Your Spells              Type           Power      Damage    Failure   Level
a - Magic Dart            Conj           32%        1d4       9%          1
b - Airstrike             Air            11%        2d(2-18)  14%         4

Your spell library contained the following spells:

 Spells                   Type           Power      Damage    Failure   Level
 Shock                    Conj/Air       60%        1d6       3%          1
 Swiftness                Air            22%        N/A       4%          3
 Summon Small Mammal      Summ           4%         N/A       19%         1
 Blink                    Tloc           2%         N/A       28%         2
 Call Imp                 Summ           2%         N/A       28%         2
 Call Canine Familiar     Summ           1%         N/A       50%         3
 Ozocubu's Armour         Ice            1%         N/A       50%         3
 Summon Blazeheart Golem  Fire/Summ      1%         N/A       88%         4
 Metabolic Englaciation   Hex/Ice        0%         N/A       99%         5
 Sculpt Simulacrum        Ice/Alch       0%         N/A       100%        6


Dungeon Overview and Level Annotations

Branches:
Dungeon (6/15)
 Temple: D:4-7

Altars:

Shops:
D:2 (*[(   D:4 =


Message History

You miscast Magic Dart.
You are very lightly contaminated with residual magic.
Nothing appears to happen.
The orc priest barely misses you.
You hit the orc priest.
The orc priest is heavily wounded.
The orc priest misses you.
You barely miss the orc priest.
The orc priest is heavily wounded.
The orc priest invokes the aid of Beogh against you.
Pain shoots through your body!
* * * LOW HITPOINT WARNING * * *
Casting: Magic Dart (safe; 9% risk of failure)
Confirm with . or Enter, or press ? or * to list all spells.
Aiming: Magic Dart (safe; 9% risk of failure)
Press: ? - help, Shift-Dir - straight line, f/p - orc priest
Aim: an orc priest, wielding a +0 dagger and wearing a +0 leather armour (severely wounded, very poisoned, 100% to hit)
The magic dart hits the orc priest but does no damage.
The orc priest is severely wounded.
The orc priest shouts, "Surrender to Beogh and we'll let you live!"
The orc priest barely misses you.
Casting: Magic Dart (safe; 9% risk of failure)
Confirm with . or Enter, or press ? or * to list all spells.
Aiming: Magic Dart (safe; 9% risk of failure)
Press: ? - help, Shift-Dir - straight line, f/p - orc priest
Aim: an orc priest, wielding a +0 dagger and wearing a +0 leather armour (severely wounded, poisoned, 100% to hit)
The magic dart hits the orc priest but does no damage.
The orc priest is severely wounded.
The orc priest calls down the wrath of Beogh upon you.
Beogh smites you!
* * * LOW HITPOINT WARNING * * *
Casting: Magic Dart (safe; 9% risk of failure)
Confirm with . or Enter, or press ? or * to list all spells.
Aiming: Magic Dart (safe; 9% risk of failure)
Press: ? - help, Shift-Dir - straight line, f/p - orc priest
Aim: an orc priest, wielding a +0 dagger and wearing a +0 leather armour (severely wounded, poisoned, 100% to hit)
The magic dart hits the orc priest but does no damage.
The orc priest is severely wounded.
The orc priest mumbles some strange prayers to Beogh against you.
Beogh smites you!
You die...

#.##.###.#.#.#######....##.##
#.##.###.#...............#.##
#.##.............<.......#...
#.#.#....###.#######.....####
#.##.##### #.# ##...## #.##.#
#.#########.##
#.##.#######...........#
#.......)..o.#########.#
####.#######@# #.# #.# #.#
##.## #.#######.#
#####...##### #......##..
.............#
#.###o.###########...###.#
#.# ..# ##.## #.# #.# #..#
#.# #.# #.# #o.# #.# #.# #.#
#oo# #######.## #.#


You could see an orc priest (poisoned).

Vanquished Creatures
  A phantom (D:4)
  A bombardier beetle (D:4)
  A hound (D:5)
  An orc priest (D:4)
  A gnoll bouda (D:4)
  A jelly (D:5)
  An iguana (D:4)
  3 gnolls (D:4)
  2 adders
  3 ribbon worms
  7 dart slugs
  6 orcs
  5 bats
  5 endoplasms
  A giant cockroach (D:3)
  2 goblins
  7 hobgoblins
  3 jackals (D:1)
  5 kobolds
  3 quokkas
  9 ball pythons
  A frilled lizard (D:3)
  10 rats
79 creatures vanquished.

Notes
Turn   | Place    | Note
-------+----------+-------------------------------------------
     0 | D:5      | GordonOverkill the Deep Elf Delver began the quest for the
                  | Orb.
     0 | D:5      | Reached XP level 1. HP: 13/13 MP: 3/3
     7 | D:6      | Noticed a sky beast
   359 | D:2      | Found Hapep's Antique Armour Emporium.
   363 | D:2      | Reached skill level 1 in Spellcasting
   418 | D:1      | Reached skill level 1 in Air Magic
   431 | D:1      | Reached XP level 2. HP: 13/18 MP: 4/6
   464 | D:1      | Learned a level 1 spell: Magic Dart
   575 | D:1      | Reached skill level 1 in Conjurations
   581 | D:1      | Reached XP level 3. HP: 10/22 MP: 8/8
  1074 | D:1      | Found a faded altar of an unknown god.
  1763 | D:2      | Found Vanlov's Assorted Antiques.
  1774 | D:2      | Found Qiggi's Weapon Boutique.
  1844 | D:2      | Bought a brightly glowing bone amulet for 160 gold pieces
  1844 | D:2      | Identified the amulet of Lokina {RegenMP Dex+4} (You bought
                  | it in a shop on level 2 of the Dungeon)
  2086 | D:2      | Found Cyobon's Antique Weapon Emporium.
  2803 | D:3      | Reached XP level 4. HP: 27/27 MP: 7/9
  3158 | D:4      | HP: 1/27 [poisoned by a gnoll]
  3269 | D:4      | Reached skill level 1 in Evocations
  3523 | D:4      | Reached XP level 5. HP: 31/31 MP: 10/10
  3528 | D:4      | Learned a level 4 spell: Airstrike
  3570 | D:4      | Found Aladgh's Jewellery Emporium.
  4010 | D:4      | Reached skill level 5 in Air Magic
  4193 | D:4      | Noticed a phantom
  4199 | D:4      | Killed a phantom
  4200 | D:4      | Reached XP level 6. HP: 36/36 MP: 5/11
  5050 | D:5      | Killed from afar by an orc priest

Illustrated notes

Levels and vault maps discovered:
D:1:      dpeg_arrival_tiny_a, layout_rooms,
          hellmonk_ecumenical_altar_pennies_from_heaven,
          minmay_shallow_snake_nest
D:2:      layout_basic, serial_shops, nicolae_shop_bloodbath_and_beyond,
          shop_statue, nicolae_shop_peninsula, nicolae_shop_rolling_square
D:3:      layout_basic
D:4:      layout_gridville, serial_shops, shop
D:5:      layout_loops_ring
D:6:      layout_basic, grunt_gozag_statues, serial_shops, shop

Skill      XL: |  1  2  3  4  5  6 |
---------------+-------------------+-----
Spellcasting   | 1 2 |  2.0
Air Magic      | 1 2 3 5 6 |  6.2
Conjurations   | 1 2 |  2.0
Evocations     | 2 |  2.0
Fighting       | |  2.4
Polearms       | |  1.3
Dodging        | |  2.4
Stealth        | |  6.0

Action                     |  1- 3 |  4- 6 || total
---------------------------+-------+-------++-------
  Melee: Trident           |    60 |       ||    60
         Spear             |     6 |       ||     6
         Dagger            |     8 |    10 ||    18
         Whip              |       |    60 ||    60
  Throw: Dart              |     4 |       ||     4
   Cast: Magic Dart        |    60 |    67 ||   127
         Airstrike         |       |     3 ||     3
  Evoke: Wand              |     1 |       ||     1
    Use: Potion            |     4 |     2 ||     6
         Scroll            |     1 |    15 ||    16
   Stab: Sleeping          |     8 |     1 ||     9
 Armour: Leather armour    |     7 |       ||     7
         Robe              |    56 |    46 ||   102
         Skin              |       |     8 ||     8
  Dodge: Dodged            |    50 |    45 ||    95

Table legend: (Time is in decaauts)
 A = Elapsed time spent in this place.
 B = Non-inter-level travel time spent in this place.
 C = Inter-level travel time spent in this place.
 D = Time resting spent in this place.
 E = Time spent auto-exploring this place.
 F = Levels seen in this place.
 G = Mean time per level.
                   A        B        C        D        E       F      G
               +--------+--------+--------+--------+--------+-----+--------+
         Total |   5063 |   4836 |    227 |   1452 |   2294 |   6 |  843.8 |
       Dungeon |   5063 |   4836 |    227 |   1452 |   2294 |   6 |  843.8 |
               +--------+--------+--------+--------+--------+-----+--------+

Top non-repeatable levels by time:
     D:4: 1444 daAuts
     D:1: 1179 daAuts
     D:3: 951 daAuts
     D:2: 844 daAuts
     D:5: 637 daAuts
     D:6: 6 daAuts
